 Dungeon Crawl Stone Soup version 0.13-a0-2202-g857913d (webtiles) character file.

775 Rorthrar the Poker (level 7, -8/54 HPs)
             Began as a Minotaur Fighter on July 2, 2013.
             Was an Initiate of Okawaru.
             Mangled by a goliath beetle (19 damage)
             ... on Level 6 of the Dungeon on July 3, 2013.
             The game lasted 00:39:23 (5554 turns).

Rorthrar the Poker (Minotaur Fighter)               Turns: 5554, Time: 00:39:24

HP  -8/54        AC 10     Str 22      XL: 7   Next:  3%
MP   3/3         EV  7     Int  5      God: Okawaru [......]
Gold 244         SH 21     Dex 12      Spells:  0 memorised,  6 levels left

Res.Fire  : . . .   See Invis. : .   a - +0,+1 trident
Res.Cold  : . . .   Warding    : .   b - +1 scale mail
Life Prot.: . . .   Conserve   : .   c - +0 shield
Res.Poison: +       Res.Corr.  : .   (helmet restricted)
Res.Elec. : .       Clarity    : .   E - +1 cloak of the Eight Boll Weevils {+Inv r
Sust.Abil.: + .     Spirit.Shd : .   (no gloves)
Res.Mut.  : .       Stasis     : .   (no boots)
Res.Rott. : .       Flight     : .   (no amulet)
Saprovore : . . .                    G - ring of poison resistance
                                     e - ring of sustain abilities

@: slightly resistant to hostile enchantments, extremely unstealthy
A: retaliatory headbutt, horns 2, carnivore 1, -10% hp, Dex +2
a: Renounce Religion, Evoke Invisibility


You were on level 6 of the Dungeon.
You worshipped Okawaru.
Okawaru was pleased with you.
You were not hungry.

You visited 2 branches of the dungeon, and saw 7 of its levels.

You collected 224 gold pieces.

Inventory:

Hand weapons
 a - a +0,+1 trident (weapon)
 o - a +1,+1 sling
 y - a +0,+1 dwarven dagger
 z - a +0,+0 elven dagger (quivered)
 A - a +1,+2 whip of venom
 J - a +2,+1 dagger
Missiles
 f - 6 darts of frost
 l - 49 sling bullets
 n - 98 darts
 p - 33 stones
 w - a throwing net
 F - 15 darts of flame
Armour
 b - a +1 scale mail (worn)
 c - a +0 shield (worn)
 E - the cursed +1 cloak of the Eight Boll Weevils (worn) {+Inv rPois}
   (You found it on level 5 of the Dungeon)

   It protects you from poison.
   It lets you turn invisible.
   It has a curse placed upon it.
Magical devices
 j - a wand of magic darts (7)
 t - a wand of slowing (5)
Comestibles
 d - 6 bread rations
 q - 10 strawberries
Scrolls
 g - 2 scrolls of identify
 i - 4 scrolls of enchant weapon II
 r - 2 scrolls of remove curse
 v - 4 scrolls of enchant armour
 D - a scroll of blinking
 K - a scroll of amnesia {unknown}
Jewellery
 e - a ring of sustain abilities (left hand)
 G - a ring of poison resistance (right hand)
Potions
 h - 2 potions of poison {unknown}
 k - 5 potions of curing
 s - a potion of degeneration {unknown}
 C - a potion of might
 I - a potion of paralysis {unknown}
 L - a potion of agility {unknown}
 M - a potion of restore abilities {unknown}


   Skills:
 + Level 5.1 Fighting
 * Level 5.5 Polearms
 + Level 5.5 Armour
 - Level 0.2 Dodging
 + Level 5.5 Shields
 * Level 1.2 Evocations


You had 6 spell levels left.
You didn't know any spells.

Dungeon Overview and Level Annotations

Branches:
Dungeon (6/27)             Temple (1/1) D:4
    Orc: D:6-11

Altars:
Elyvilon
Fedhas
Kikubaaqudgha
Makhleb
Nemelex Xobeh
Okawaru
Sif Muna
Trog
Vehumet
Xom
Yredelemnul
Zin
the Shining One

Shops:
D:4: * D:5: *


Innate Abilities, Weirdness & Mutations

You reflexively headbutt those who attack you in melee.
You have a pair of horns on your head.
You have a somewhat thin skeletal structure (Dex +2, Stlth).
Your digestive system is specialised to digest meat.
You are frail (-10% HP).


Message History

You hit the goliath beetle. You headbutt the goliath beetle.
The goliath beetle is heavily wounded.
You hit the goliath beetle but do no damage.
You headbutt the goliath beetle.
The goliath beetle is severely wounded.
You hit the goliath beetle but do no damage.
You headbutt the goliath beetle.
The goliath beetle is severely wounded.
You hit the goliath beetle.
Your headbutt misses the goliath beetle.
The goliath beetle is severely wounded.
The goliath beetle bites you!
* * * LOW HITPOINT WARNING * * *
You hit the goliath beetle.
You headbutt the goliath beetle, but do no damage.
The goliath beetle is almost dead.
You hit the goliath beetle.
The goliath beetle is almost dead.
The goliath beetle bites you!
You die...

. .... #....
#.... #....
#.[.. #....
#...B########
#@......#
#.).....#
#.......#
#.).....#
#.._....#
#.....$.#
#.......#
#.......#
#.......###


You could see a goliath beetle.

Vanquished Creatures
  A giant frog zombie (D:4)
  A crimson imp (D:5)
  An iguana (D:4)
  4 scorpions
  A hound (D:5)
  An orc wizard (D:5)
  8 adders
  4 gnolls
  4 worms
  An inept feature mimic (D:3)
  2 bat skeletons (D:5)
  A gnoll skeleton (D:4)
  2 oozes
  5 orcs
  3 giant cockroaches
  14 hobgoblins
  4 quokkas
  2 ball pythons
  10 bats
  2 giant geckos
  4 giant newts
  10 goblins
  A hobgoblin skeleton (D:4)
  13 kobolds
  A kobold skeleton (D:4)
  A kobold zombie (D:6)
  A quokka zombie (D:5)
  12 rats
114 creatures vanquished.

Notes
Turn   | Place    | Note
--------------------------------------------------------------
     0 | D:1      | Rorthrar, the Minotaur Fighter, began the quest for the Orb.
     0 | D:1      | Reached XP level 1. HP: 19/19 MP: 0/0
   139 | D:1      | Reached skill level 4 in Armour
   139 | D:1      | Reached XP level 2. HP: 26/26 MP: 0/0
   504 | D:2      | Reached XP level 3. HP: 33/33 MP: 1/1
  1002 | D:2      | Gained mutation: You are frail (-10% HP). [potion of mutation]
  1002 | D:2      | Gained mutation: Your digestive system is specialised to digest meat. [potion of mutation]
  1002 | D:2      | Gained mutation: You have a somewhat thin skeletal structure (Dex +2, Stlth). [potion of mutation]
  1219 | D:2      | Reached XP level 4. HP: 28/36 MP: 1/1
  1853 | D:3      | Found a burning altar of Makhleb.
  2427 | D:3      | Found a shimmering altar of Xom.
  2443 | D:3      | Found an iron altar of Okawaru.
  2449 | D:3      | Became a worshipper of Warmaster Okawaru
  2983 | D:4      | Found a staircase to the Ecumenical Temple.
  2990 | Temple   | Entered the Ecumenical Temple
  3207 | D:4      | Reached XP level 5. HP: 19/41 MP: 1/1
  3767 | D:4      | Found Gipt's Hardware Store.
  3980 | D:4      | Reached skill level 5 in Armour
  3980 | D:4      | Reached skill level 5 in Shields
  3980 | D:4      | Reached XP level 6. HP: 12/47 MP: 2/2
  3987 | D:4      | Reached skill level 5 in Polearms
  4318 | D:4      | Reached skill level 5 in Fighting
  4484 | D:5      | Entered Level 5 of the Dungeon
  4627 | D:5      | Got a faintly glowing cloak
  4631 | D:5      | Identified the cursed +1 cloak of the Eight Boll Weevils {+Inv rPois} (You found it on level 5 of the Dungeon)
  4760 | D:5      | Found Sugivut's Assorted Antiques.
  4990 | D:5      | Found an ancient bone altar of Kikubaaqudgha.
  5020 | D:5      | Acquired Okawaru's first power
  5151 | D:5      | Reached skill level 1 in Evocations
  5508 | D:6      | Found a glowing golden altar of the Shining One.
  5520 | D:6      | Reached XP level 7. HP: 43/54 MP: 3/3
  5554 | D:6      | Mangled by a goliath beetle

Action                   |  1- 3 |  4- 6 |  7- 9 || total
-------------------------+-------+-------+-------++-------
Melee: Trident           |    80 |   242 |    20 ||   342
       Short sword       |     9 |       |       ||     9
Throw: Dart              |     5 |     8 |       ||    13
       Dagger            |     4 |    26 |       ||    30
 Abil: Evoke Invisibilit |       |     2 |       ||     2
       Turn Visible      |       |     1 |       ||     1
Evoke: Wand              |       |     2 |       ||     2
  Use: Potion            |     1 |     3 |       ||     4
       Scroll            |       |    16 |       ||    16
